 Dungeon Crawl Stone Soup version 0.21.1-1-g345015fe64 (webtiles) character file.

105 Redear the Scratcher (level 4, -2/21 HPs)
             Began as a Felid Monk on Mar 10, 2018.
             Slain by a bullfrog (8 damage)
             ... on level 6 of the Dungeon.
             The game lasted 00:13:49 (2822 turns).

Redear the Scratcher (Felid Monk)                   Turns: 2822, Time: 00:13:50

Health: -2/21      AC:  1    Str:  7    XL:     4   Next: 54%
Magic:  5/5        EV: 20    Int: 11    God:
Gold:   182        SH:  0    Dex: 19    Spells: 3/3 levels left
                                        Lives:  0   Deaths: 1

rFire    . . .     SeeInvis +     - Unarmed
rCold    . . .     Gourm    .   (shield unavailable)
rNeg     . . .     Faith    .   (armour unavailable)
rPois    .         Spirit   .   (helmet unavailable)
rElec    .         Reflect  .   (cloak unavailable)
rCorr    .         Harm     .   (gloves unavailable)
MR       .....                  (boots unavailable)
Stlth    +++++.....             (no amulet)
HPRegen  0.07/turn              d - ring of stealth
MPRegen  0.09/turn              j - ring of stealth

@: quick
A: very small, no armour, no weapons or thrown items, stealth, claws 1, fangs 3,
see invisible, carnivore, speed 1, shaggy fur 1, slow metabolism 1, sharp paws
a: no special abilities


You were on level 6 of the Dungeon.
You were not hungry.

You visited 1 branch of the dungeon, and saw 6 of its levels.

You collected 182 gold pieces.

Inventory:

Hand Weapons
 g - a +0 club
Jewellery
 d - a ring of stealth (left paw)
 j - a ring of stealth (right paw)
 l - an uncursed amulet of faith
 n - an uncursed ring of magical power {unknown}
 o - a cursed ring of loudness {unknown}
Wands
 h - a wand of enslavement (10)
Scrolls
 b - 2 scrolls of remove curse
 c - 4 scrolls of identify
 e - a scroll of magic mapping {unknown}
 f - a scroll of teleportation {unknown}
 m - a scroll of amnesia {unknown}
Potions
 i - 2 potions of curing {unknown}
 k - a potion of berserk rage {unknown}
Comestibles
 a - 2 rations


   Skills:
 - Level 3.0 Fighting
 - Level 4.0 Dodging
 - Level 2.6 Stealth
 + Level 6.0 Unarmed Combat


You had 3 spell levels left.
You didn't know any spells.

Dungeon Overview and Level Annotations

Branches:
Dungeon (6/15)
 Temple: D:4-7

Altars:
Ashenzari

Annotations:
D:3 Skiberibeda's ghost, amateur DECj
D:5 Blork the orc


Innate Abilities, Weirdness & Mutations

You cannot wear armour.
You are incapable of wielding weapons or throwing items.
Your paws allow you to move quietly. (Stealth)
You have sharp claws.
You have razor-sharp teeth.
You have supernaturally acute eyesight. (SInv)
You are carnivorous and can eat meat at any time.
You cover ground quickly.
You are covered in fur. (AC +1)
You have a slow metabolism.
Your sharp claws are effective at attacking unaware monsters.


Message History

Your Unarmed Combat skill increases to level 6!
The bullfrog completely misses you.
You closely miss the bullfrog. The bullfrog barely misses you.
The bullfrog hits you.
You scratch the bullfrog but do no damage.
The bullfrog closely misses you.
You scratch the bullfrog.
The bullfrog is moderately wounded.
The bullfrog hits you!
* * * LOW HITPOINT WARNING * * *
The bullfrog barely misses you. The bullfrog misses you.
Found an escape hatch in the ceiling.
The bullfrog completely misses you.
Found a ration.
A hornet comes into view.
There is an escape hatch in the ceiling here.
You can't go down here!
The bullfrog hits you!
You die...

#..#####..........
.
#..##...##.......
..##
#.....#####......
....##...###
##..... ........##
##.... ........#
#... ...###..# #..
.# ##F..## #.@...#
#..y.##..#
......### %..#
...... ..... ...##
####.. .. .. #


You could see a hornet (wandering) and a bullfrog.

Vanquished Creatures
  A centaur skeleton (D:6)
  2 iguanas
  2 adders (D:2)
  3 worms (D:2)
  3 dart slugs
  A leopard gecko (D:1)
  A ball python (D:1)
  2 giant cockroaches
  3 goblins
  4 hobgoblins
  7 jackals
  5 kobolds
  7 bats
  7 frilled lizards
  A jackal skeleton (D:4)
  6 rats
55 creatures vanquished.

Notes
Turn   | Place    | Note
-------+----------+-------------------------------------------
     0 | D:1      | Redear the Felid Monk began the quest for the Orb.
     0 | D:1      | Reached XP level 1. HP: 10/10 MP: 2/2
   285 | D:1      | Reached XP level 2. HP: 14/14 MP: 3/3
   714 | D:1      | Reached skill level 4 in Unarmed Combat
  1024 | D:2      | Reached XP level 3. HP: 16/17 MP: 4/4
  1521 | D:2      | Found a shattered altar of Ashenzari.
  1650 | D:2      | Reached skill level 5 in Unarmed Combat
  1650 | D:2      | Reached XP level 4. HP: 8/21 MP: 5/5
  2140 | D:3      | Noticed Skiberibeda's ghost (amateur DECj)
  2630 | D:5      | Entered Level 5 of the Dungeon
  2630 | D:5      | Noticed Blork the orc
  2659 | D:5      | Noticed an ogre
  2668 | D:5      | Noticed a centaur
  2684 | D:5      | Noticed an ice beast
  2779 | D:5      | Killed from afar by Blork the orc
  2780 | D:5      | Reached XP level 3. HP: 0/17 MP: 4/4
  2784 | D:5      | Noticed a phantom
  2797 | D:6      | Noticed a bullfrog
  2799 | D:6      | Reached XP level 4. HP: 21/21 MP: 5/5
  2804 | D:6      | Reached skill level 6 in Unarmed Combat
  2819 | D:6      | Noticed a hornet
  2822 | D:6      | Slain by a bullfrog

Skill      XL: |  1  2  3  4 |
---------------+-------------+-----
Unarmed Combat | 4 5 6 |  6.0
Fighting       | |  3.0
Dodging        | |  4.0
Stealth        | |  2.6

Action                   |  1- 3 |  4- 6 || total
-------------------------+-------+-------++-------
Melee: Unarmed           |   131 |    35 ||   166
       Bite              |     8 |     2 ||    10
       Punch             |     1 |     2 ||     3
  Use: Scroll            |       |     2 ||     2
 Stab: Sleeping          |    10 |     4 ||    14
       Distracted        |     1 |       ||     1
  Eat: Chunk             |     9 |     1 ||    10
Armor: Skin              |     4 |     5 ||     9
Dodge: Dodged            |   100 |    43 ||   143
